 Dungeon Crawl Stone Soup version 0.26.1-11-gd32895ea62 (webtiles) character file.

Game seed: 11323094833677060600

131 jifgo the Firebug (level 4, -3/25 HPs)
             Began as a Deep Elf Fire Elementalist on May 10, 2021.
             Slain by Natasha (7 damage)
             ... on level 3 of the Dungeon.
             The game lasted 00:04:21 (2892 turns).

jifgo the Firebug (Deep Elf Fire Elementalist)      Turns: 2892, Time: 00:04:21

Health: -3/25      AC:  2    Str:  5    XL:     4   Next: 91%
Magic:  7/11       EV: 13    Int: 21    God:
Gold:   101        SH:  0    Dex: 15    Spells: 5/10 levels left

rFire    . . .     SeeInvis .   n - +1 spear (flame)
rCold    . . .     Faith    .   (no shield)
rNeg     . . .     Spirit   .   a - +0 robe
rPois    .         Reflect  .   (no helmet)
rElec    .         Harm     .   (no cloak)
rCorr    .         Rampage  .   (no gloves)
Will     .....                  (no boots)
Stlth    ++........             (no amulet)
HPRegen  0.08/turn              (no ring)
MPRegen  0.12/turn              (no ring)

@: no status effects
A: no striking features
a: no special abilities


You were on level 3 of the Dungeon.
You visited 1 branch of the dungeon, and saw 3 of its levels.

You collected 101 gold pieces.

Inventory:

Hand Weapons
 n - a +1 spear of flaming (weapon)
Missiles
 p - 3 javelins
Armour
 a - a +0 robe (worn)
Jewellery
 g - a cursed -4 ring of dexterity {unknown}
 s - an uncursed amulet of faith {unknown}
Scrolls
 b - 2 scrolls of enchant weapon {unknown}
 c - 2 scrolls of identify {unknown}
 d - 3 scrolls of teleportation {unknown}
 f - a scroll of random uselessness {unknown}
 i - a scroll of remove curse {unknown}
 k - a scroll of amnesia {unknown}
 l - a scroll of noise {unknown}
 m - a scroll of fog {unknown}
 r - a scroll of immolation {unknown}
Potions
 e - 2 potions of flight {unknown}
 h - a potion of ambrosia {unknown}
 j - a potion of lignification {unknown}
 o - a potion of might {unknown}
 q - a potion of haste {unknown}


   Skills:
 + Level 1.3 Fighting
 + Level 3.3 Dodging
 + Level 3.5 Stealth
 + Level 3.8 Spellcasting
 + Level 2.2 Conjurations
 + Level 3.9 Fire Magic


You had 5 spell levels left.
You knew the following spells:

 Your Spells              Type           Power        Failure   Level
a - Conjure Flame         Conj/Fire      17%          11%         3
b - Apportation           Tloc           8%           12%         1
x - Foxfire               Conj/Fire      68%          3%          1

Your spell library contained the following spells:

 Spells                   Type           Power        Failure   Level
 Animate Skeleton         Necr           8%           12%         1
 Corona                   Hex            4%           12%         1
 Summon Small Mammal      Summ           16%          12%         1
 Inner Flame              Hex/Fire       12%          16%         3
 Sticky Flame             Conj/Fire      17%          34%         4
 Fireball                 Conj/Fire      8%           67%         5


Dungeon Overview and Level Annotations

Branches:
Dungeon (3/15)

Altars:

Annotations:
D:2 Terence
D:3 Natasha, Sigmund


Message History

You conjure some foxfire!
The bat hits you but does no damage.
The foxfire hits the shadow imp.
The shadow imp is almost dead.
The foxfire hits the shadow imp.
You kill the shadow imp!
The bat closely misses you.
Natasha stares at you and mumbles some strange words.
The magic dart hits you.
Casting: Foxfire (safe; 3% risk of failure)
Confirm with . or Enter, or press ? or * to list all spells.
You conjure some foxfire!
The bat closely misses you. The white imp gestures at you.
The puff of frost hits you!
Ouch! That really hurt!
* * * LOW HITPOINT WARNING * * *
The foxfire hits Natasha but does no damage.
The foxfire hits the white imp.
The white imp is lightly wounded.
The bat hits you but does no damage. Natasha claws you!
You die...

#### ### #...
#.. ####
#####.#
#.....#####
#......ยงยง.#
#....5b@..#
####
#.....h.[.#
#...
#.)..5#####
#..# ###>#.#
##.# #...#
####.). #....
#...###
#..###
#...... #.5
##..### #..#
### #..#


You could see Natasha, a crimson imp (summoned), a white imp (summoned) and a
bat.

Vanquished Creatures
  Natasha (D:3)
  An iguana (D:3)
  3 gnolls
  An adder (D:2)
  A worm (D:2)
  4 giant cockroaches
  3 goblins
  3 hobgoblins
  5 jackals
  7 kobolds
  A quokka (D:3)
  2 bats (D:3)
  2 frilled lizards
  5 rats
39 creatures vanquished.

Vanquished Creatures (others)
  131 foxfires
  2 fungi (D:3)
133 creatures vanquished.

Grand Total: 172 creatures vanquished

Notes
Turn   | Place    | Note
-------+----------+-------------------------------------------
     0 | D:1      | jifgo the Deep Elf Fire Elementalist began the quest for
                  | the Orb.
     0 | D:1      | Reached XP level 1. HP: 10/10 MP: 6/6
   384 | D:1      | Reached XP level 2. HP: 15/15 MP: 5/8
   966 | D:2      | Reached XP level 3. HP: 20/20 MP: 7/9
   970 | D:2      | Learned a level 3 spell: Conjure Flame
  1088 | D:2      | Noticed Terence
  1627 | D:2      | Reached skill level 1 in Fighting
  2138 | D:3      | Reached XP level 4. HP: 21/25 MP: 7/11
  2140 | D:3      | Learned a level 1 spell: Apportation
  2264 | D:3      | Noticed Natasha
  2274 | D:3      | Killed Natasha
  2636 | D:3      | Noticed Sigmund
  2882 | D:3      | Noticed Natasha
  2892 | D:3      | Slain by Natasha

Illustrated notes

Levels and vault maps discovered:
D:1:      heliophobic_arrival_ceremonial_halls, layout_rooms,
          chequers_serial_rivers_large_a
D:2:      layout_loops_ring, uniq_terence
D:3:      cheibrodos_thug_alley, layout_loops_ring, eino_tiny_chamber,
          uniq_sigmund, uniq_crazy_yiuf_cottage, uniq_natasha

Skill      XL: |  1  2  3  4 |
---------------+-------------+-----
Stealth        | 3 |  3.5
Dodging        | 3 |  3.3
Fighting       | 1 |  1.3
Conjurations   | 2 |  2.2
Spellcasting   | |  3.8
Fire Magic     | |  3.9

Action                   |  1- 3 |  4- 6 || total
-------------------------+-------+-------++-------
Melee: Spear             |       |     5 ||     5
 Cast: Foxfire           |    52 |    20 ||    72
 Stab: Sleeping          |       |     1 ||     1
Armor: Robe              |     2 |     6 ||     8
Dodge: Dodged            |    12 |     9 ||    21
